 Dungeon Crawl Stone Soup version 0.31.0-9-g3a7656b989 (webtiles) character file.

Game seed: 18308836891316834339

1354 qw the Skirmisher (level 8, -5/40 HPs)
             Began as a Spriggan Hunter on Feb 2, 2024.
             Blown up by an orc warrior (11 damage)
             ... with a mindburst bolt
             ... on level 6 of the Dungeon.
             The game lasted 00:00:19 (5022 turns).

qw the Skirmisher (Spriggan Hunter)                 Turns: 5022, Time: 00:00:20

Health: -5/40      AC:  5    Str:  7    XL:     8   Next: 37%
Magic:  9/9        EV: 23    Int: 10    God:
Gold:   268        SH:  0    Dex: 21    Spells: 7/7 levels left

rFire   . . .        e - +0 orcbow
rCold   . . .        (shield currently unavailable)
rNeg    . . .        c - +0 robe
rPois   +            (helmet restricted)
rElec   .            k - +2 cloak
rCorr   .            (gloves unavailable)
SInv    +            (boots unavailable)
Will    +....        (no amulet)
Stlth   ++           g - ring of poison resistance
HPRegen 0.26/turn    (no ring)
MPRegen 0.11/turn

%: no passive effects
@: about to teleport, very quick
A: very small, no large weapons, unfitting armour, see invisible, speed 3
a: no special abilities


You were on level 6 of the Dungeon.
You visited 1 branch of the dungeon, and saw 6 of its levels.
You also visited: Sewer.

You collected 268 gold pieces.


Innate Abilities, Weirdness & Mutations

You are very small and have problems with some larger weapons.
You are too small for most types of armour.
You have supernaturally acute eyesight. (SInv)
You cover ground extremely quickly. (Speed+++)


   Skills:
 - Level 3.0 Fighting
 + Level 8.9 Ranged Weapons
 - Level 8.1 Dodging
 - Level 1.5 Stealth


You had 7 spell levels left.
You didn't know any spells.
Your spell library was empty.

Inventory:

Hand Weapons
 e - a +0 orcbow (weapon)
Armour
 c - a +0 robe (worn)
 k - a +2 cloak (worn)
Jewellery
 b - a ring of ice
 g - a ring of poison resistance (left hand)
 i - an amulet of the acrobat
 l - a ring of poison resistance
Wands
 j - a wand of acid (6)
Scrolls
 f - 5 scrolls of teleportation
 n - a scroll of enchant armour
Potions
 a - a potion of heal wounds {unknown}
 d - 3 potions of curing
 h - a potion of haste
 m - a potion of mutation {unknown}

Dungeon Overview and Level Annotations

Branches:
Dungeon (6/15)              Sewer (visited)
 Temple: D:4-7

Altars:
Elyvilon
Gozag
Makhleb
Vehumet
Wu Jian

Shops:
D:4 (   D:5 =


Message History

The orc closely misses you.
The orc warrior hits you with a +1 hand axe of electrocution.
The adder bites you but does no damage.
You shoot an arrow.
The arrow hits the orc warrior but does no damage.
The orc warrior is moderately wounded.
The adder misses you. The orc hits you but does no damage.
The orc hits you from afar with a +0 trident!
The orc warrior completely misses you.
You shoot an arrow. The arrow hits the orc warrior!
The orc warrior is heavily wounded.
The adder misses you. The orc hits you but does no damage.
The orc hits you from afar with a +0 trident.
The orc warrior barely misses you. The adder completely misses you.
You shoot an arrow. The arrow hits the orc warrior!
The orc warrior is almost dead.
The orc barely misses you. The orc misses you.
The orc warrior hits you with a +1 hand axe of electrocution!
The adder barely misses you.
You shoot an arrow.
The arrow hits the orc warrior but does no damage.
The orc warrior is almost dead.
The adder barely misses you. The orc closely misses you.
The orc barely misses you.
The orc warrior zaps a wand.
You resist with some effort. The adder barely misses you.
You shoot an arrow.
The arrow barely misses the orc warrior.
The orc hits you from afar with a +0 trident!
The orc closely misses you. The orc warrior barely misses you.
The adder closely misses you.
5021 ||| READING 6 scrolls of teleportation.
As you read the scroll of teleportation, it crumbles to dust.
You feel strangely unstable. The orc barely misses you.
The orc completely misses you.
The orc warrior zaps a wand.
You resist with some effort. The adder misses you.
You shoot an arrow.
The arrow completely misses the orc warrior.
The orc closely misses you. The orc misses you.
The orc warrior zaps a wand.
Your mind is blasted!
You die...

##.#.# #.#.# #.#?#
##############.#.#
#................#
#.######.##.##...# #.#
#.##.##...# #.#
#.##.##...#
#@######)##.##....
#ooS..........#....
..oS.###...%.....###
.........).#.##..#.# #
#........#..#.##..#.###
##......###...##..##...
........#....##..###..
##......##....##..# ##.
#........# #.


You could see an orc warrior, 2 adders and 2 orcs.

Vanquished Creatures
  A black bear (D:6)
  An ogre (D:5)
  2 ice beasts
  A centaur (D:6)
  A phantom (D:6)
  A kobold brigand (Sewer)
  A necrophage (D:4)
  A bullfrog (D:6)
  A scorpion (D:4)
  2 howler monkeys
  2 bombardier beetles
  An orc priest (D:4)
  2 hounds (D:6)
  2 iguanas (D:6)
  2 sleepcaps (D:6)
  Terence (D:2)
  An orc wizard (D:4)
  A hound skeleton (D:4)
  6 adders
  3 river rats
  2 ufetubi (D:5)
  2 dart slugs
  2 ribbon worms
  12 orcs
  6 bats
  6 endoplasms
  3 giant cockroaches
  4 goblins
  5 hobgoblins
  6 jackals
  13 kobolds
  6 quokkas
  9 ball pythons
  2 frilled lizards
  12 rats
123 creatures vanquished.

Notes
Turn   | Place    | Note
-------+----------+-------------------------------------------
     0 | D:1      | qw the Spriggan Hunter began the quest for the Orb.
     0 | D:1      | Reached XP level 1. HP: 10/10 MP: 2/2
     0 | D:1      | 0 ||| qw: Version: 0.3-a-155-g5e7d8dd
     0 | D:1      | 0 ||| qw: Game counter: 2380
     0 | D:1      | 0 ||| qw: Melee chars always use a shield: true
     0 | D:1      | 0 ||| qw: God list: Okawaru
     0 | D:1      | 0 ||| qw: Allow faded altars: false
     0 | D:1      | 0 ||| qw: Do Orc after clearing Dungeon:15 true
     0 | D:1      | 0 ||| qw: Do second Lair branch before Depths: true
     0 | D:1      | 0 ||| qw: Lair rune preference: random
     0 | D:1      | 0 ||| qw: Goals: Normal
     0 | D:1      | 0 ||| PLANNING D:1-11
    51 | D:1      | Reached skill level 3 in Dodging
   109 | D:1      | Reached XP level 2. HP: 14/14 MP: 3/3
   516 | D:1      | Reached XP level 3. HP: 16/18 MP: 4/4
   724 | D:1      | 724 ||| UPGRADING to ring of poison resistance.
   725 | D:1      | 725 ||| READING 4 scrolls labelled SOTEWUIMUG.
   725 | D:1      | 725 ||| IDENTIFYING glowing purple potion
   726 | D:1      | 726 ||| READING 3 scrolls of identify.
   726 | D:1      | 726 ||| IDENTIFYING scroll labelled LAREIS VOROSONN
   727 | D:1      | 727 ||| READING 2 scrolls of identify.
   727 | D:1      | 727 ||| IDENTIFYING 2 scrolls labelled HEGUUNK ISSYE
   728 | D:1      | 728 ||| DROPPING scroll of butterflies.
   729 | D:1      | 729 ||| DROPPING potion of degeneration.
   730 | D:1      | 730 ||| DROPPING scroll of torment.
   858 | D:2      | Noticed Terence
   863 | D:2      | Killed Terence
   999 | D:2      | Reached XP level 4. HP: 22/22 MP: 5/5
  1013 | D:2      | You fall into a shaft and drop 1 floor!
  1014 | D:3      | 1014 ||| PLANNING SEWER
  1077 | D:3      | Identified the +0 falchion "Yfrifafo" {elec, rElec}
  1586 | D:3      | Reached XP level 5. HP: 26/26 MP: 6/6
  1665 | D:3      | Found a glowing drain.
  1666 | D:3      | 1666 ||| UPGRADING to +1 cloak.
  1671 | D:3      | 1671 ||| READING 3 scrolls of identify.
  1671 | D:3      | 1671 ||| IDENTIFYING coppery potion
  1672 | D:3      | 1672 ||| READING 2 scrolls of identify.
  1672 | D:3      | 1672 ||| IDENTIFYING brown potion
  1673 | D:3      | 1673 ||| READING scroll of identify.
  1673 | D:3      | 1673 ||| IDENTIFYING scroll labelled ZAFRYA GONE
  1674 | D:3      | 1674 ||| READING scroll of brand weapon.
  1674 | D:3      | 1674 ||| BRANDING +0 shortbow.
  1675 | D:3      | 1675 ||| READING scroll labelled WAANYT XUECZIAMP.
  1776 | D:3      | 1776 ||| READING scroll labelled ZASCHA KIHOBU.
  1777 | D:3      | 1777 ||| READING scroll labelled SADOAL PALAIZXAYC.
  1777 | D:3      | 1777 ||| ENCHANTING +0 shortbow of flaming.
  1778 | D:3      | 1778 ||| DROPPING potion of lignification.
  1779 | D:3      | 1779 ||| DROPPING potion of attraction.
  1783 | Sewer    | Entered a sewer
  2064 | Sewer    | Reached skill level 6 in Ranged Weapons
  2082 | Sewer    | 2082 ||| READING scroll of enchant weapon.
  2082 | Sewer    | 2082 ||| ENCHANTING +1 shortbow of flaming.
  2104 | Sewer    | 2104 ||| READING 2 scrolls of enchant weapon.
  2104 | Sewer    | 2104 ||| ENCHANTING +2 shortbow of flaming.
  2105 | Sewer    | 2105 ||| READING scroll of enchant weapon.
  2105 | Sewer    | 2105 ||| ENCHANTING +3 shortbow of flaming.
  2106 | Sewer    | 2106 ||| READING 3 scrolls of identify.
  2106 | Sewer    | 2106 ||| IDENTIFYING sapphire potion
  2107 | Sewer    | 2107 ||| READING 2 scrolls of identify.
  2107 | Sewer    | 2107 ||| IDENTIFYING fuming emerald potion
  2108 | Sewer    | 2108 ||| READING scroll of identify.
  2108 | Sewer    | 2108 ||| IDENTIFYING scroll labelled QILIAQUCZAU
  2109 | Sewer    | 2109 ||| DROPPING scroll of noise.
  2110 | Sewer    | 2110 ||| DROPPING potion of magic.
  2137 | D:3      | 2137 ||| PLANNING D:1-11
  2660 | D:2      | 2660 ||| READING scroll labelled EGABYU REUTUPS.
  2762 | D:4      | Reached XP level 6. HP: 30/30 MP: 7/7
  2776 | D:4      | Reached skill level 6 in Dodging
  2979 | D:4      | Found Ubuturu's Antique Weapon Shoppe.
  3287 | D:4      | Found a burning altar of Makhleb.
  3874 | D:4      | 3874 ||| READING 4 scrolls of identify.
  3874 | D:4      | 3874 ||| IDENTIFYING amethyst potion
  3875 | D:4      | 3875 ||| READING 3 scrolls of identify.
  3875 | D:4      | 3875 ||| IDENTIFYING sedimented sapphire potion
  3876 | D:4      | 3876 ||| READING 2 scrolls of identify.
  3876 | D:4      | 3876 ||| IDENTIFYING scroll labelled ZIAMEFREYXU
  3877 | D:4      | 3877 ||| READING scroll of enchant armour.
  3877 | D:4      | 3877 ||| ENCHANTING +1 cloak.
  3878 | D:4      | 3878 ||| DROPPING potion of brilliance.
  3907 | D:5      | Entered Level 5 of the Dungeon
  3934 | D:5      | Found Jepsopru's Jewellery Shoppe.
  3945 | D:5      | 3945 ||| SHOPLISTING amulet of the acrobat (330 gold, have
                  | 203).
  3945 | D:5      | 3945 ||| SHOPLISTING ring of ice (275 gold, have 203).
  3945 | D:5      | 3945 ||| SHOPLISTING ring of resist corrosion (220 gold,
                  | have 203).
  3949 | D:5      | Noticed an ice beast
  3950 | D:5      | 3950 ||| DRINKING 2 potions of haste.
  3955 | D:5      | Killed an ice beast
  3956 | D:5      | Reached XP level 7. HP: 35/35 MP: 8/8
  4050 | D:5      | Found a white marble altar of Elyvilon.
  4178 | D:5      | Identified the +7 sling of Malaise {freeze, Will+ Str+3
                  | Dex+2}
  4180 | D:5      | 4180 ||| SWAPPING to +7 sling of Malaise {freeze, Will+
                  | Str+3 Dex+2}.
  4181 | D:5      | 4181 ||| DROPPING +4 shortbow of flaming.
  4448 | D:5      | 4448 ||| READING scroll of identify.
  4448 | D:5      | 4448 ||| IDENTIFYING scroll labelled KONTAT LORCHISK
  4449 | D:5      | 4449 ||| READING scroll labelled JAKIOM ALOSO.
  4450 | D:5      | 4450 ||| DROPPING scroll of immolation.
  4509 | D:6      | 4509 ||| RETREEEEATING.
  4530 | D:6      | Found an opulent altar of Gozag.
  4548 | D:6      | Found a radiant altar of Vehumet.
  4611 | D:6      | 4611 ||| FLEEEEING.
  4613 | D:6      | 4613 ||| FLEEEEING.
  4614 | D:6      | 4614 ||| FLEEEEING.
  4615 | D:6      | 4615 ||| FLEEEEING.
  4627 | D:6      | 4627 ||| FLEEEEING.
  4628 | D:6      | 4628 ||| FLEEEEING.
  4629 | D:6      | 4629 ||| FLEEEEING.
  4630 | D:6      | 4630 ||| FLEEEEING.
  4631 | D:6      | 4631 ||| FLEEEEING.
  4632 | D:6      | 4632 ||| FLEEEEING.
  4633 | D:6      | 4633 ||| FLEEEEING.
  4634 | D:6      | 4634 ||| FLEEEEING.
  4646 | D:6      | Reached XP level 8. HP: 38/39 MP: 9/9
  4685 | D:6      | 4685 ||| SWAPPING to +0 orcbow.
  4686 | D:6      | 4686 ||| DROPPING +7 sling of Malaise {freeze, Will+ Str+3
                  | Dex+2}.
  4729 | D:6      | Found an ornate altar of the Wu Jian Council.
  4769 | D:6      | Reached skill level 3 in Fighting
  4786 | D:6      | 4786 ||| RETREEEEATING.
  4787 | D:6      | 4787 ||| ZAPPING wand of acid (7) at 1,1 (black bear;
                  | floor).
  5020 | D:6      | HP: 6/40 [orc/+0 trident (8)]
  5021 | D:6      | 5021 ||| READING 6 scrolls of teleportation.
  5022 | D:6      | Blown up by an orc warrior

Levels and vault maps discovered:
D:1:      elethiomel_arrival_infinity_welcomes_careful_drivers, layout_rooms,
          serial_forest, infiniplex_forest_clump_medium,
          infiniplex_forest_lined_room_2, infiniplex_forest_end_2,
          infiniplex_forest_end_1, infiniplex_forest_3_way,
          infiniplex_forest_end_double, infiniplex_forest_diagonal,
          infiniplex_forest_zigzag_1, minmay_misc_feat_room
D:2:      layout_basic, minmay_circle_x, uniq_terence
D:3:      layout_loops_ring, gup_sewer_entry_bowl
D:4:      layout_layer_cave, makhleb_blood_cavern_becter, serial_shops, shop
D:5:      layout_rooms, mainiacjoe_overflow_alcove_2, serial_shops, shop,
          nrook_loot_triangle, hangedman_decor_riveting
D:6:      layout_loops_ring, lemuel_tele_altar,
          mainiacjoe_overflow_catwalk_spiral, nicolae_half_adder

Skill      XL: |  1  2  3  4  5  6  7  8 |
---------------+-------------------------+-----
Dodging        | 3 4 5 6 8 |  8.1
Ranged Weapons | 5 6 7 8 |  8.9
Fighting       | 2 3 |  3.0
Stealth        | |  1.5

Action                     |  1- 3 |  4- 6 |  7- 9 || total
---------------------------+-------+-------+-------++-------
   Fire: Shortbow          |    76 |   167 |    16 ||   259
         Sling             |       |       |    43 ||    43
         Orcbow            |       |       |    66 ||    66
  Evoke: Wand              |       |       |     1 ||     1
    Use: Scroll            |     3 |    18 |     3 ||    24
         Potion            |       |     1 |       ||     1
 Armour: Robe              |     3 |    14 |    21 ||    38
  Dodge: Dodged            |    21 |    56 |    71 ||   148

Table legend:
 A = Non-vault XP
 B = Vault XP
 C = Vault XP percentage of total XP
 D = Non-vault monster count
 E = Vault monster count
 F = Vault count percentage of total count
                 A         B        C        D         E       F
            +---------+---------+-------+---------+---------+-------
      Total |    1570 |     365 |  18.9 |      93 |      30 |  24.4
            +---------+---------+-------+---------+---------+-------
        D:1 |      50 |       0 |   0.0 |      30 |       0 |   0.0
        D:2 |       9 |      44 |  83.0 |       6 |       4 |  40.0
        D:3 |      71 |      29 |  29.0 |      11 |       4 |  26.7
        D:4 |     243 |     109 |  31.0 |      21 |       2 |   8.7
        D:5 |     320 |       0 |   0.0 |       8 |       0 |   0.0
        D:6 |     877 |      26 |   2.9 |      17 |       2 |  10.5
      Sewer |       0 |     157 | 100.0 |       0 |      18 | 100.0
            +---------+---------+-------+---------+---------+-------
